 Dungeon Crawl Stone Soup version bcrawl-1.27.8b (webtiles) character file.

Game seed: 12157068027417195893

61119 LostNumber the Sneak (level 1, 0/15 HPs)
             Began as a Demonspawn Archaeologist on Nov 5, 2020.
             Killed from afar by a dart slug (8 damage)
             ... with a slug dart
             ... on level 1 of the Dungeon.
             The game lasted 00:00:55 (98 turns).

LostNumber the Sneak (Demonspawn Archaeologist)       Turns: 98, Time: 00:00:56

Health: 0/15       AC:  6    Str: 11    XL:     1   Next: 33%
Magic:  1/1        EV: 12    Int: 15    God:
Gold:   0          SH:  0    Dex: 11    Spells: 0/0 levels left

rFire    . . .     SeeInvis .   a - +0 whip
rCold    . . .     Gourm    .   (no shield)
rNeg     . . .     Faith    .   b - +1 robe
rPois    .         Spirit   .   c - +1 hat
rElec    .         Reflect  .   (no cloak)
rCorr    .         Harm     .   (no gloves)
MR       .....                  d - +1 pair of boots
Stlth    ++........             (no amulet)
HPRegen  0.05/turn              (no ring)
MPRegen  0.07/turn              (no ring)

@: no status effects
A: no striking features
a: no special abilities


You were on level 1 of the Dungeon.
You were not hungry.

You visited 1 branch of the dungeon, and saw 1 of its levels.

Inventory:

Hand Weapons
 a - a +0 whip (weapon)
Armour
 b - a +1 robe (worn)
 c - a +1 hat (worn)
 d - a +1 pair of boots (worn)
Scrolls
 g - a scroll of magic mapping
 i - a scroll of immolation {unknown}
Miscellaneous
 f - a dusty tome
Comestibles
 e - a ration {!d!d}
 h - 2 chunks of flesh


   Skills:
 * Level 1.2 Fighting
 - Level 0.8 Maces & Flails
 + Level 2.7 Dodging
 - Level 3.0 Stealth


You couldn't memorise any spells.
You didn't know any spells.
Your spell library was empty.

Dungeon Overview and Level Annotations

Branches:
Dungeon (1/12)

Altars:


Message History

A bat is nearby!
No target in view!
No target in view!
No target in view!
No target in view!
No target in view!
No target in view!
No target in view!
No target in view!
The bat is too close now for your liking.
You hit the bat.
You kill the bat!
No target in view!
Unknown command.
You butcher the bat corpse.
h - 2 chunks of flesh (gained 1)
You see here a bat skeleton. x2
Found a scroll labeled BAS EHIRIMP.
i - a scroll labeled BAS EHIRIMP A kobold comes into view.
A kobold is nearby!
A kobold is nearby!
Found a spear.
A dart slug comes into view.
A goblin comes into view. It is wielding a +0 club.
The kobold hits you.
Found a fizzy yellow potion.
You hit the kobold. The kobold closely misses you.
You barely miss the kobold. The kobold hits you but does no damage.
You hit the kobold.
You kill the kobold!
The goblin shouts!
You barely miss the goblin. The goblin closely misses you.
You closely miss the goblin. The goblin closely misses you.
You hit the dart slug. The goblin hits you but does no damage.
You hit the dart slug. The dart slug barely misses you.
The goblin hits you but does no damage.
You hit the dart slug. The goblin hits you but does no damage.
The dart slug bites you but does no damage.
You hit the dart slug but do no damage. The goblin hits you with a +0 club.
The dart slug closely misses you.
You hit the dart slug but do no damage. The goblin hits you but does no damage.
You hit the dart slug but do no damage. The dart slug launches a dart at you.
The slug dart hits you. The goblin barely misses you.
You hit the dart slug. The dart slug launches a dart at you.
The slug dart hits you!
Ouch! That really hurt!
You die...

#.#.#..#w#...#.#
#.#.#..###..##.#
#.#....[...8##.#
#.#.........##.#
#.##...8.8.###.#
#.##.รท.....# ..
#.########## #.#
#@# #.wg.#
#).....#
#.####.# #. # #.
#. #!


You could see a dart slug and a goblin.

Vanquished Creatures
  A kobold (D:1)
  A bat (D:1)
  A rat (D:1)
3 creatures vanquished.

Notes
Turn   | Place    | Note
-------+----------+-------------------------------------------
     0 | D:1      | LostNumber the Demonspawn Archaeologist began the quest for
                  | the Orb.
     0 | D:1      | Reached XP level 1. HP: 15/15 MP: 1/1
     6 | D:1      | Noticed a hog
     6 | D:1      | Noticed a crocodile
     6 | D:1      | Noticed an eight-headed hydra
     6 | D:1      | Noticed a redback
     6 | D:1      | Noticed a swamp worm
    98 | D:1      | Killed from afar by a dart slug

Action                   || total
-------------------------++-------
Melee: Whip              ||    14
 Stab: Sleeping          ||     1
Armor: Robe              ||     5
Dodge: Dodged            ||     6
